 Dungeon Crawl Stone Soup version 0.18.1-6-gd335043 (webtiles) character file.

154 M4edhros the Chopper (level 5, -12/45 HPs)
             Began as a Minotaur Berserker on May 20, 2016.
             Was a Follower of Trog.
             Killed by divine providence
             ... invoked by an orc priest
              (13 damage)
             ... on level 6 of the Dungeon.
             The game lasted 00:01:54 (417 turns).

M4edhros the Chopper (Minotaur Berserker)            Turns: 417, Time: 00:01:54

Health: -12/45     AC:  7    Str: 22    XL:     5   Next: 13%
Magic:  4/4        EV: 10    Int:  4    God:    Trog [*.....]
Gold:   65         SH:  0    Dex: 10    Spells: 0 memorised, 4 levels left

rFire  . . .     SeeInvis .     a - +0 hand axe
rCold  . . .     Gourm    .     h - +0 scale mail
rNeg   . . .     Faith    .     (no shield)
rPois  .         Spirit   .     (helmet restricted)
rElec  .         Dismiss  .     (no cloak)
rCorr  .         Reflect  .     (no gloves)
SustAt .         Harm     .     d - +0 pair of boots
MR     .....                    (no amulet)
Stlth  ..........               (no ring)
                                (no ring)

@: not resistant to hostile enchantments, extremely unstealthy
A: retaliatory headbutt, horns 2
a: Berserk, Burn Spellbooks, Renounce Religion


You were on level 6 of the Dungeon.
You worshipped Trog.
Trog was aware of your devotion.
You were not hungry.

You visited 1 branch of the dungeon, and saw 6 of its levels.

You collected 65 gold pieces.

Inventory:

Hand Weapons
 a - a +0 hand axe (weapon)
Missiles
 i - a throwing net (quivered)
Armour
 d - a +0 pair of boots (worn)
 h - a +0 scale mail (worn)
Scrolls
 e - a scroll of recharging {unknown}
Comestibles
 c - 2 bread rations
 g - a chunk of flesh


   Skills:
 - Level 3.6 Fighting
 + Level 7.1 Axes
 - Level 2.4 Armour
 - Level 2.1 Dodging


You had 4 spell levels left.
You didn't know any spells.

Dungeon Overview and Level Annotations

Branches:
Dungeon (6/15)
 Temple: D:4-7

Altars:


Innate Abilities, Weirdness & Mutations

You reflexively headbutt those who attack you in melee.
You have a pair of horns on your head.


Message History

You drop a +0 ring mail. 2 orc priests come into view.
The orc priest shouts! x2
An orc comes into view. It is wielding a dagger.
The orc priest miscasts a cantrip.
An orc warrior comes into view. It is wielding a short sword.
The orc warrior shouts!
The orc priest invokes the aid of Beogh against you.
Beogh smites you!
* * * LOW HITPOINT WARNING * * *
The orc priest calls down the wrath of Beogh upon you.
Beogh smites you!
* * * LOW HITPOINT WARNING * * *
You aren't carrying any items that you can evoke.
You aren't carrying any potions.
Read which item? (? for menu, Esc to quit)
Okay, then.
The orc priest mumbles some strange prayers to Beogh against you.
Beogh smites you!
You die...

#. ... .. .. ... #. ..
..# .#.. ######..#####
... #....##.. ... #.# #
#....##.# #.###.###.#..
#....##.# #....@......#
#....##.####............
#.......................
#....##.#####...........
#...<##.............o...
#.......................
#..................o.o..
###.........#####....o..
#....[........ .......


You could see an orc warrior, 2 orc priests and an orc (wandering).

Vanquished Creatures
  A giant frog (D:4)
  2 hounds (D:4)
  An adder (D:2)
  A worm (D:5)
  A dart slug (D:1)
  A bat (D:1)
  A giant cockroach (D:2)
  3 jackals (D:5)
  A quokka (D:3)
  A giant newt (D:1)
  2 kobolds
  2 rats
17 creatures vanquished.

Notes
Turn   | Place    | Note
--------------------------------------------------------------
     0 | D:1      | M4edhros the Minotaur Berserker began the quest for the Orb.
     0 | D:1      | Reached XP level 1. HP: 19/19 MP: 0/0
    37 | D:1      | Reached skill level 4 in Axes
   137 | D:2      | Reached XP level 2. HP: 26/26 MP: 1/1
   236 | D:4      | Reached skill level 5 in Axes
   236 | D:4      | Reached XP level 3. HP: 30/31 MP: 2/2
   251 | D:4      | Noticed a giant frog
   257 | D:4      | Noticed an ogre
   258 | D:4      | Killed a giant frog
   258 | D:4      | Reached skill level 6 in Axes
   258 | D:4      | Reached XP level 4. HP: 18/39 MP: 3/3
   260 | D:4      | HP: 2/58 [orc priest/divine providence (11)]
   265 | D:4      | Reached skill level 7 in Axes
   265 | D:4      | Reached XP level 5. HP: 2/45 MP: 4/4
   271 | D:4      | HP: 2/45 [orc/falchion (4)]
   276 | D:5      | Entered Level 5 of the Dungeon
   416 | D:6      | Noticed an orc warrior
   416 | D:6      | HP: 1/45 [orc priest/divine providence (11)]
   417 | D:6      | Killed from afar by an orc priest

Skill      XL: |  1  2  3  4 |
---------------+-------------+-----
Axes           | 4 5 6 7 |  7.1
Fighting       | |  3.6
Armour         | |  2.4
Dodging        | |  2.1

Action                   |  1- 3 |  4- 6 || total
-------------------------+-------+-------++-------
Melee: Hand axe          |    32 |    11 ||    43
       Headbutt          |     3 |     2 ||     5
Invok: Berserk           |     1 |     1 ||     2
  Use: Scroll            |       |     3 ||     3
       Potion            |       |     2 ||     2
  Eat: Chunk             |       |     1 ||     1
Armor: Animal skin       |     7 |       ||     7
       Ring mail         |    18 |     5 ||    23
Dodge: Dodged            |    22 |     6 ||    28
